 Dungeon Crawl Stone Soup version 0.28-a0-233-gb8ca4b6547 (webtiles) character file.

Game seed: 5056053363359155425

951 willcat the Covert (level 8, -11/46 HPs)
             Began as a Kobold Delver on Aug 23, 2021.
             Mangled by a two-headed ogre (26 damage)
             ... on level 6 of the Dungeon.
             The game lasted 00:03:45 (3457 turns).

willcat the Covert (Kobold Delver)                  Turns: 3457, Time: 00:03:46

Health: -11/46     AC:  3    Str: 10    XL:     8   Next: 36%
Magic:  8/8        EV: 17    Int: 11    God:
Gold:   72         SH:  0    Dex: 18    Spells: 7/7 levels left

rFire   . . .      SeeInvis +   b - +2 mace (drain)
rCold   . . .      Faith    .   (shield restricted)
rNeg    . . .      Spirit   .   e - +0 leather armour
rPois   .          Reflect  .   (no helmet)
rElec   .          Harm     .   (no cloak)
rCorr   .          Rampage  .   (no gloves)
Will    .....                   (no boots)
Stlth   +++++.....              (no amulet)
HPRegen 0.15/turn               i - ring of see invisible
MPRegen 0.11/turn               (no ring)

@: no status effects
A: small, no large weapons, nightstalker 3
a: no special abilities


You were on level 6 of the Dungeon.
You visited 1 branch of the dungeon, and saw 2 of its levels.

You collected 171 gold pieces.
You spent 99 gold pieces at shops.

Inventory:

Hand Weapons
 a - a +0 short sword
 b - a +2 mace of draining (weapon)
Missiles
 q - 5 datura-tipped darts (quivered)
Armour
 e - a +0 leather armour (worn)
Jewellery
 i - a ring of see invisible (left hand)
 k - a ring of willpower
Wands
 g - a wand of digging (3)
Scrolls
 c - a scroll of fog
 d - a scroll of magic mapping
 j - a scroll of teleportation {unknown}
 l - 2 scrolls of identify
 o - 2 scrolls of amnesia {unknown}
 p - a scroll of enchant weapon {unknown}
Potions
 f - a potion of curing {unknown}
 h - a potion of brilliance {unknown}
 m - a potion of lignification {unknown}
 n - a potion of might {unknown}


   Skills:
 - Level 3.2 Fighting
 - Level 4.7 Short Blades
 + Level 4.0 Maces & Flails
 + Level 6.5 Dodging
 + Level 9.8 Stealth


You had 7 spell levels left.
You didn't know any spells.
Your spell library was empty.

Dungeon Overview and Level Annotations

Branches:
Dungeon (6/15)
 Temple: D:4-7

Altars:
Cheibriados

Shops:
D:6 *

Annotations:
D:6 2 transporters, SkeletonJelly's ghost, novice DrMo


Innate Abilities, Weirdness & Mutations

You are small and have problems with some larger weapons.
You are completely attuned to the shadows.


Message History

The mass of ice explodes!
The iceblast engulfs the two-headed ogre.
The two-headed ogre is lightly wounded.
The two-headed ogre shouts in stereo!
Aiming: Iceblast
Press: ? - help, Shift-Dir - straight line, f/p - two-headed ogre
Aim: a two-headed ogre, wielding a +0 giant spiked club and a +0 giant club (lightly wounded)
The mass of ice explodes!
The iceblast engulfs the two-headed ogre!
The two-headed ogre is moderately wounded.
Unknown command.
Aiming: Iceblast
Press: ? - help, Shift-Dir - straight line, f/p - two-headed ogre
Aim: a two-headed ogre, wielding a +0 giant spiked club and a +0 giant club (moderately wounded)
The mass of ice explodes!
The iceblast engulfs the two-headed ogre!
The two-headed ogre is heavily wounded.
The now-empty wand crumbles to dust.
Unknown command.
You hit the two-headed ogre. You drain the two-headed ogre.
The two-headed ogre is severely wounded.
The two-headed ogre hits you with a +0 giant spiked club!
The two-headed ogre completely misses you.
Unknown command.
You hit the two-headed ogre but do no damage.
You drain the two-headed ogre.
The two-headed ogre is severely wounded.
The two-headed ogre closely misses you. The two-headed ogre barely misses you.
Unknown command.
You hit the two-headed ogre. You drain the two-headed ogre.
The two-headed ogre is almost dead.
The two-headed ogre closely misses you.
The two-headed ogre hits you with a +0 giant club!!
Ouch! That really hurt!
Unknown command.
You hit the two-headed ogre.
The two-headed ogre is almost dead.
The two-headed ogre hits you with a +0 giant spiked club!!
Ouch! That really hurt!
You die...

. #..................
#######..........##
####_..###### #
##########...#..# ###
#.#.$..##....####.###..
#....∩.##.###...#..##..
#.........# #...##.##..
#.....O.#####...##.##..
#.....@............####
#)....#######...#..####
#####.. #...#...... ##
#...##.#### #...##.##
#..### ##.... #####
####...


You could see a two-headed ogre (drained).

Vanquished Creatures
  An ice beast (D:5)
  2 centaurs (D:5)
  A black bear (D:6)
  An ogre (D:6)
  A scorpion (D:5)
  A water moccasin zombie (D:5)
  A howler monkey (D:5)
  A centaur zombie (D:5)
  A bullfrog zombie (D:6)
  4 hounds (D:5)
  An orc priest (D:5)
  A centaur skeleton (D:6)
  An orc wizard (D:6)
  A hound skeleton (D:5)
  A howler monkey zombie (D:5)
  A howler monkey skeleton (D:5)
  6 adders
  A shadow imp (D:6)
  13 orcs
40 creatures vanquished.

Notes
Turn   | Place    | Note
-------+----------+-------------------------------------------
     0 | D:5      | willcat the Kobold Delver began the quest for the Orb.
     0 | D:5      | Reached XP level 1. HP: 14/14 MP: 1/1
    29 | D:5      | Reached skill level 7 in Stealth
    29 | D:5      | Reached XP level 2. HP: 9/19 MP: 2/2
    29 | D:5      | Reached XP level 3. HP: 11/23 MP: 3/3
   271 | D:5      | Reached XP level 4. HP: 28/28 MP: 4/4
   340 | D:5      | Noticed a scorpion
   369 | D:5      | HP: 1/28 [poisoned by a scorpion]
   975 | D:6      | Found a transporter.
   976 | D:6      | Found a transporter.
   977 | D:6      | Noticed SkeletonJelly's ghost (novice DrMo)
  1011 | D:6      | Noticed a hornet
  1024 | D:6      | Noticed a two-headed ogre
  1118 | D:5      | Reached XP level 5. HP: 14/32 MP: 5/5
  1118 | D:5      | Noticed a centaur
  1125 | D:5      | Reached skill level 1 in Maces & Flails
  1242 | D:5      | Killed a centaur
  1243 | D:5      | Reached XP level 6. HP: 9/37 MP: 6/6
  1525 | D:5      | Reached skill level 8 in Stealth
  2029 | D:5      | Reached XP level 7. HP: 41/41 MP: 7/7
  2111 | D:5      | Reached skill level 5 in Dodging
  2333 | D:5      | Reached skill level 9 in Stealth
  2907 | D:6      | Reached XP level 8. HP: 26/46 MP: 8/8
  3347 | D:6      | Found a snail-covered altar of Cheibriados.
  3423 | D:6      | Found Awako's General Store.
  3437 | D:6      | Bought a scroll of identify for 22 gold pieces
  3443 | D:6      | Bought a wand of iceblast (3) for 77 gold pieces
  3457 | D:6      | Mangled by a two-headed ogre

Illustrated notes

Levels and vault maps discovered:
D:5:      layout_loops_ring, kennysheep_opposing_triangles
D:6:      layout_rooms, overflow_temple_1_default, serial_shops, shop_coins,
          gammafunk_ghost_hive

Skill      XL: |  1  2  3  4  5  6  7  8 |
---------------+-------------------------+-----
Short Blades   | 3 4 |  4.7
Dodging        | 3 4 6 |  6.5
Stealth        | 7 8 9 |  9.8
Maces & Flails | 1 2 3 4 |  4.0
Fighting       | |  3.2

Action                   |  1- 3 |  4- 6 |  7- 9 || total
-------------------------+-------+-------+-------++-------
Melee: Short sword       |    22 |     2 |    19 ||    43
       Mace              |       |    63 |    80 ||   143
Evoke: Wand              |       |       |     3 ||     3
  Use: Potion            |       |     2 |       ||     2
       Scroll            |       |     1 |       ||     1
 Stab: Sleeping          |     2 |     2 |     4 ||     8
       Distracted        |       |     2 |     2 ||     4
Armor: Leather armour    |     3 |     7 |    30 ||    40
Dodge: Dodged            |    20 |    62 |   113 ||   195

Table legend: (Time is in decaauts)
 A = Elapsed time spent in this place.
 B = Non-inter-level travel time spent in this place.
 C = Inter-level travel time spent in this place.
 D = Time resting spent in this place.
 E = Time spent auto-exploring this place.
 F = Levels seen in this place.
 G = Mean time per level.
                   A        B        C        D        E       F      G
               +--------+--------+--------+--------+--------+-----+--------+
         Total |   3471 |   3471 |      0 |   1631 |   1255 |   2 | 1735.5 |
       Dungeon |   3471 |   3471 |      0 |   1631 |   1255 |   2 | 1735.5 |
               +--------+--------+--------+--------+--------+-----+--------+

Top non-repeatable levels by time:
     D:5: 2259 daAuts
     D:6: 1212 daAuts
